 Dungeon Crawl Stone Soup version 0.18-a0-888-gdb73dea (webtiles) character file.

324 4thArraOfDagon the Charlatan (level 6, -4/44 HPs)
             Began as a Mummy Artificer on Dec 23, 2015.
             Was an Initiate of Okawaru.
             Slain by a spriggan baker
             ... wielding a +0 dagger
              (11 damage)
             ... on level 7 of the Dungeon.
             The game lasted 00:11:34 (1697 turns).

4thArraOfDagon the Charlatan (Mummy Artificer)      Turns: 1697, Time: 00:11:34

Health: -4/44      AC:  5    Str: 14    XL:     6   Next: 23%
Magic:  8/8        EV: 11    Int: 13    God:    Okawaru [......]
Gold:   79         SH:  0    Dex: 13    Spells: 0 memorised, 5 levels left

rFire  x . .     SeeInvis .     j - +4 flail
rCold  + . .     Gourm    .     m - +0 ring mail
rNeg   + + +     Faith    .     (no shield)
rPois  ∞         Spirit   .     (no helmet)
rElec  .         Dismiss  .     (no cloak)
rCorr  .         Reflect  .     (no gloves)
SustAt .         Harm     +     (no boots)
MR     .....                    k - amulet of harm
Stlth  +.........               (no ring)
                                (no ring)

@: very slightly contaminated, not resistant to hostile enchantments, very
unstealthy
A: no food or potions, fire vulnerability, cold resistance 1, negative energy
resistance 3, torment resistance, unbreathing
a: Renounce Religion


You were on level 7 of the Dungeon.
You worshipped Okawaru.
Okawaru was noncommittal.
You were not hungry.

You visited 1 branch of the dungeon, and saw 7 of its levels.

You collected 79 gold pieces.

Inventory:

Hand Weapons
 a - a +0 short sword
 b - a +0 club
 g - a +0 spear
 j - a +4 flail (weapon)
 l - a +0 mace of protection
Armour
 m - a +0 ring mail (worn)
 r - the +2 robe of Cepotyil {rC++ Str-3 Dex+3}
   (You found it on level 5 of the Dungeon)

   It affects your strength (-3).
   It affects your dexterity (+3).
   It greatly protects you from cold.
Jewellery
 i - an uncursed ring of ice
 k - an amulet of harm (around neck)
 p - an uncursed ring of ice
Wands
 c - a wand of flame (5/48)
 d - a wand of enslavement (0/24)
 e - a wand of random effects (2/48)
Scrolls
 f - a scroll of fear
 n - a scroll of amnesia


   Skills:
 - Level 2.0 Fighting
 - Level 0.7 Short Blades
 * Level 3.0 Maces & Flails
 + Level 2.8 Armour
 - Level 2.0 Dodging
 - Level 0.7 Stealth
 - Level 3.0 Evocations


You had 5 spell levels left.
You didn't know any spells.

Dungeon Overview and Level Annotations

Branches:
Dungeon (7/15)
 Temple: D:4-7

Altars:
Fedhas
Okawaru

Annotations:
D:2 Sigmund
D:5 Eustachio
D:6 Duvessa


Innate Abilities, Weirdness & Mutations

You do not eat or drink.
Your flesh is vulnerable to fire.
You are immune to poison.
Your flesh is cold resistant.
You are immune to negative energy.
You are immune to unholy pain and torment.
You can survive without breathing.


Message History

Aim: a spriggan baker, wielding a dagger and wearing a robe (heavily wounded)
The spriggan baker resists with almost no effort.
This wand has 4 charges left.
Unknown command.
Evoke which item? (* to show all) (? for menu, Esc to quit)
Zapping:
e - a wand of random effects (4/48)
Press: ? - help, Shift-Dir - straight line, f/p - spriggan baker
Aim: a spriggan baker, wielding a dagger and wearing a robe (heavily wounded)
The spriggan baker resists with some effort.
This wand has 3 charges left.
Unknown command.
Evoke which item? (* to show all) (? for menu, Esc to quit)
Zapping:
e - a wand of random effects (3/48)
Press: ? - help, Shift-Dir - straight line, f/p - spriggan baker
Aim: a spriggan baker, wielding a dagger and wearing a robe (heavily wounded)
The magic dart hits the spriggan baker.
The spriggan baker is heavily wounded.
This wand has 2 charges left.
The spriggan baker hits you with a dagger!
You die...

# ###.##...# ........
#.##........####.#...#
#....##.......##.....#
##.i.#..#..##........#
#.......#..........#.#
.# #.#.####.....#
#.#.# #.....#
#!..####.....###
#.......i@.....##
#....####.....#..##.
#.##.# #.o......... #.
#...##.......###. #.
###....<...### #.
###....#.# #....#....#
...#####....# .#
##.....


You could see a spriggan baker and an orc.

Vanquished Creatures
  An ice beast (D:7)
  A scorpion (D:6)
  A crimson imp (D:5)
  Terence (D:2)
  3 adders
  2 giant geckos (D:2)
  5 orcs
  A ball python (D:1)
  3 bats
  4 giant cockroaches
  4 hobgoblins
  2 quokkas
  A giant gecko skeleton (D:5)
  3 giant newts
  3 goblins
  A jackal skeleton (D:5)
  4 kobolds
  A rat (D:3)
41 creatures vanquished.

Vanquished Creatures (collateral kills)
  Dowan (D:6)
  2 orcs
  A kobold (D:3)
  A rat (D:1)
5 creatures vanquished.

Vanquished Creatures (others)
  A centaur (D:6)
  An orc priest (D:3)
  2 orc wizards
  An adder (D:2)
5 creatures vanquished.

Grand Total: 51 creatures vanquished

Notes
Turn   | Place    | Note
--------------------------------------------------------------
     0 | D:1      | 4thArraOfDagon the Mummy Artificer began the quest for the Orb.
     0 | D:1      | Reached XP level 1. HP: 15/15 MP: 2/2
     0 | D:1      | Yermak: go Wn
   225 | D:2      | Reached XP level 2. HP: 8/21 MP: 4/4
   235 | D:2      | Noticed Terence
   237 | D:2      | Killed Terence
   237 | D:2      | Reached skill level 1 in Armour
   237 | D:2      | Reached XP level 3. HP: 11/27 MP: 5/5
   239 | D:2      | Yermak: Sigmund - 228 xp, Frinder - 285. Not that mugh bigger
   246 | D:2      | Yermak: Grinder*
   297 | D:2      | 4thArraOfDagon: there is my clarity
   310 | D:2      | Yermak: Training multiple skills is bad.
   551 | D:2      | Reached skill level 3 in Evocations
   555 | D:2      | murphy: yeah?
   557 | D:2      | Noticed Sigmund
   707 | D:2      | Yermak: Imagine you train both Dodging and Armour on some interval of time. At the end of that interval you get +1 AC and +1 EV. Now imagine you trained Armour first and then Dodging. Thus you would have the same +1 AC, +1 EV at the end, but also you would have had +1 AC for the second half of that interval.
   731 | D:2      | Reached XP level 4. HP: 23/33 MP: 6/6
   734 | D:2      | murphy: ok i got
   734 | D:2      | Yermak: This is especially true for speedruns, when each point is important
   734 | D:2      | murphy: but i see lots of good player recommend to train weapons skill first and turn of everything else
   734 | D:2      | Yermak: legit
   734 | D:2      | murphy: not sure this is best for new players
   734 | D:2      | murphy: like myself
   734 | D:2      | murphy: allways die when i do that
   734 | D:2      | 4thArraOfDagon: it depends, for vulnerable chars like felids, mummies defenses are more important imo
   734 | D:2      | Yermak: for new players it's better to turn on multiple skills and focus on tactics
   734 | D:2      | 4thArraOfDagon: unless you like dieing zillion of times untill you roll +6slaying ring to doesnt care
   779 | D:2      | Yermak: then when yo get hang of it, you can proceed to managing skills properly
  1156 | D:3      | Found a blossoming altar of Fedhas.
  1242 | D:5      | Entered Level 5 of the Dungeon
  1263 | D:5      | Reached skill level 1 in Maces & Flails
  1284 | D:5      | Reached XP level 5. HP: 31/38 MP: 7/7
  1417 | D:5      | Got an ominously black robe
  1420 | D:5      | Noticed Eustachio
  1474 | D:6      | Noticed a centaur
  1491 | D:6      | Noticed Duvessa
  1491 | D:6      | Noticed Dowan
  1494 | D:6      | Killed Dowan
  1555 | D:6      | Noticed an orc warrior
  1595 | D:6      | Noticed an ice beast
  1614 | D:6      | Found an iron altar of Okawaru.
  1619 | D:6      | Became a worshipper of Warmaster Okawaru
  1636 | D:7      | Killed an ice beast
  1636 | D:7      | Reached XP level 6. HP: 30/44 MP: 8/8
  1657 | D:7      | Identified the +2 robe of Cepotyil {rC++ Str-3 Dex+3} (You found it on level 5 of the Dungeon)
  1686 | D:7      | Noticed a spriggan baker
  1693 | D:7      | Yermak: Keep rings on. rFx is the same as rFxxx
  1693 | D:7      | 4thArraOfDagon: it would have killed me :D
  1697 | D:7      | Slain by a spriggan baker

Vault maps used:
D:1:      matt_arrival_spirals
D:2:      first_bread, uniq_sigmund, uniq_terence, uniq_robin, uniq_jessica
D:3:      fedhas_altar_2
D:4:      grunt_temple_overflow_open
D:5:      minmay_temple_entry_enclosed_plants, uniq_eustachio
D:6:      old_standard_altar, lemuel_doored_altar, minmay_fountain_box,
          uniq_blork_the_orc, uniq_duvessa, uniq_grinder
D:7:      the_bakery, minmay_misc_feat_hallway

Action                   |  1- 3 |  4- 6 || total
-------------------------+-------+-------++-------
Melee: Short sword       |    24 |       ||    24
       Spear             |    15 |       ||    15
       Flail             |    23 |    71 ||    94
Evoke: Wand              |    19 |    19 ||    38
  Use: Scroll            |       |    11 ||    11
